[Event "Early-Titled-Tuesday-Blitz-October-17-2023"]
[Site "Chess.com"]
[Date "2023.10.17"]
[Round "4"]
[White "TomLiu777"]
[Black "masterofpuppets2"]
[Result "0-1"]
[WhiteElo "2331"]
[BlackElo "2513"]
[TimeControl "180+1"]
[EndTime "8:41:19 PDT"]
[Termination "masterofpuppets2 won by checkmate"]

1. Nf3 Nf6 2. g3 g6 3. Bg2 Bg7 4. Kf1 O-O 5. d3 d6 6. c3 e5 7.
Nbd2 Nc6 8. h4 d5 9. Nb3 Re8 10. Bg5 Qd6 11. Qd2 e4 12. Nfd4 Ng4 13. h5 e3 14.
Bxe3 Rxe3 15. hxg6 hxg6 16. Bf3 Re8 17. Rh4 Nce5 18.
Kg2 c5 19. Nb5 Qc6 20. c4 Nxf3 21. exf3 dxc4 22. dxc4 Ne5 23. Qc3 Bg4 24. N3d4 cxd4 25. Nxd4 Bxf3+ 26. Nxf3 Qxf3+ 27. Qxf3 Nxf3 28. Kxf3 Rad8 29. Rah1 Bxb2 30. Rb1 Rd2 31. Rhh1 Ree2 32. Rhf1 b6 33. Kg4 Rxf2 34. Rfe1 Rfe2 35. Rf1 Be5 36. Kg5 Kg7 37.
Rf3 f6+ 38. Kg4 Rh2 39. Re3 f5+ 40. Kf3 Rhf2# 0-1

[Event "Early-Titled-Tuesday-Blitz-October-17-2023"]
[Site "Chess.com"]
[Date "2023.10.17"]
[Round "4"]
[White "Emp3rador"]
[Black "SchmakAttack"]
[Result "0-1"]
[WhiteElo "2541"]
[BlackElo "2729"]
[TimeControl "180+1"]
[EndTime "8:41:21 PDT"]
[Termination "SchmakAttack won on time"]

1. e4 e5 2. Nf3 Nc6 3. d4 exd4 4. Nxd4 Qf6 5. Nb3 Bb4+ 6. Nc3 Bxc3+ 7. bxc3 Qxc3+ 8. Bd2 Qe5 9. Bd3 d6 10. O-O Nf6 11.
f4 Qe7 12. Bc3 O-O 13. Qf3 Bg4 14. Bxf6 Qxf6 15. Qxg4 a5 16. a4 Nb4 17. Rad1 Rfe8 18.
e5 dxe5 19. fxe5 Qxe5 20. Bc4 Rf8 21. Rd7 Nxc2 22. Rdxf7 Rxf7 23. Rxf7 Kh8 24. Qf5 Qe1+ 25. Qf1 Qb4 26. Qd3 Ne3 27. Qxe3 Qxc4 28. Rf1 b6 29. Nd4 Qxa4 30. Qe5 Qd7 31. Ne6 Re8 32. h3 h6 33. Re1 a4 34. Kf2 a3 35. Qxc7 Qxc7 36. Nxc7 Rxe1 37. Kxe1 a2 38. Kf2 a1=Q 0-1

[Event "Early-Titled-Tuesday-Blitz-October-17-2023"]
[Site "Chess.com"]
[Date "2023.10.17"]
[Round "4"]
[White "MikeSailer"]
[Black "AlivodicDario"]
[Result "0-1"]
[WhiteElo "2092"]
[BlackElo "2437"]
[TimeControl "180+1"]
[EndTime "8:41:23 PDT"]
[Termination "AlivodicDario won on time"]

1. g3 d5 2. Bg2 c5 3. c4 d4 4. d3 Nc6 5. Nf3 e5 6. b4 cxb4 7. a3 b3 8. Qxb3 Nf6 9. O-O Nd7 10. a4 Nc5 11. Qc2 Bd6 12. Nbd2 O-O 13. Nb3 h6 14.
Nxc5 Bxc5 15. Ba3 Qd6 16. Bxc5 Qxc5 17. Nd2 f5 18. Rab1 a6 19. Qb3 Rf7 20. Qb6 Qd6 21. Bd5 Be6 22. Bxe6 Qxe6 23. Qc5 Re8 24. Rb6 Ree7 25.
Rfb1 e4 26. Qd5 e3 27. Qxe6 Rxe6 28. fxe3 dxe3 29. Nf3 Ree7 30. d4 g5 31. d5 Na5 32. c5 Nc4 33. R6b4 Nd2 34. Nxd2 exd2 35. Kf1 Re5 36. Rd4 Rd7 37. d6 Rxc5 38. Rxd2 b5 39.
axb5 axb5 40. Rbd1 Kf7 41. Kf2 Ke6 42. Kf3 Rc3+ 43. e3 b4 44. Rb1 b3 45. Rdb2 Rxd6 46. Rxb3 Rc2 47. Rb6 Rxh2 0-1

[Event "Early-Titled-Tuesday-Blitz-October-17-2023"]
[Site "Chess.com"]
[Date "2023.10.17"]
[Round "4"]
[White "BardArtem"]
[Black "ProfessorChess101"]
[Result "0-1"]
[WhiteElo "2759"]
[BlackElo "2568"]
[TimeControl "180+1"]
[EndTime "8:41:24 PDT"]
[Termination "ProfessorChess101 won by resignation"]

1. e4 c5 2. c3 Nf6 3. e5 Nd5 4. Nf3 Nc6 5. Bc4 e6 6. O-O d6 7. d4 cxd4 8. cxd4 Be7 9. Bd2 O-O 10. Nc3 dxe5 11. dxe5 b6 12. Nxd5 exd5 13. Bd3 Bg4 14. Re1 Nd4 15. Be2 Nxe2+ 16. Qxe2 d4 17. Qe4 Qd7 18. Nxd4 Bc5 19. Bc3 Rad8 20. Nb3 Be7 21.
Bb4 Bf5 22. Qf4 g5 23. Qd4 Qe6 24. Qc3 Rc8 25. Qd2 Rfd8 26. Nd4 Rxd4 27. Qxd4 Rc4 28. Qd2 Bxb4 29. Qxg5+ Qg6 30. Qxg6+ hxg6 31. Red1 Rc2 32. a3 Bc5 33. b4 Bxf2+ 34. Kh1 Be3 35. a4 Be4 36. Rg1 Bxg1 37. Rf1 0-1

[Event "Early-Titled-Tuesday-Blitz-October-17-2023"]
[Site "Chess.com"]
[Date "2023.10.17"]
[Round "4"]
[White "PowerThinking2650"]
[Black "RETURNOFTHELAGGER"]
[Result "0-1"]
[WhiteElo "2519"]
[BlackElo "2679"]
[TimeControl "180+1"]
[EndTime "8:41:24 PDT"]
[Termination "RETURNOFTHELAGGER won by resignation"]

1. e4 c5 2. Nf3 d6 3. d4 cxd4 4.
Nxd4 Nf6 5. Nc3 a6 6. Bc4 e6 7. O-O b5 8. Bb3 Bb7 9. Re1 Nbd7 10. a4 b4 11. Nd5 exd5 12. exd5+ Ne5 13. f4 Be7 14. fxe5 dxe5 15. Nf5 Bc5+ 16. Kh1 O-O 17. Bg5 Ne4 18. Rxe4 Qxg5 19. Qf3 g6 20. Rg4 Qf6 21. Nh6+ Kg7 22. Nf5+ Kh8 23. Ng3 Qxf3 24. gxf3 f5 25. Rh4 Kg7 26. Re1 Rae8 27. Rc4 Bd6 28. Kg2 Bxd5 29.
Rd1 Bxc4 30. Bxc4 Rd8 31. Bxa6 Bc5 32. Rxd8 Rxd8 33. Bb7 Rd2+ 34. Kf1 Rxc2 35. a5 Rxh2 36. Ne2 Rh1+ 37. Kg2 Rb1 38. a6 Rxb2 39. Kf1 Rxe2 40. Kxe2 Kf6 41. Kd3 Kg5 42. Kc4 Bf2 43. Kxb4 h5 44.
Kc4 Kf4 45. Kd3 h4 46. Ke2 Kg3 47. Kf1 f4 48. Bc8 g5 49. Bg4 Ba7 50. Ke2 h3 51. Bxh3 Kxh3 52. Kd3 Kg3 53. Ke4 Bd4 54. Kf5 Kxf3 55.
Kxg5 e4 56. Kf5 e3 57. Ke6 e2 58. Kd5 Bg1 59. Kc4 Kg2 60. a7 Bxa7 0-1

[Event "Early-Titled-Tuesday-Blitz-October-17-2023"]
[Site "Chess.com"]
[Date "2023.10.17"]
[Round "4"]
[White "CSB7"]
[Black "Flaccidmoves"]
[Result "1-0"]
[WhiteElo "2740"]
[BlackElo "2414"]
[TimeControl "180+1"]
[EndTime "8:41:24 PDT"]
[Termination "CSB7 won by resignation"]

1. Nf3 Nf6 2. c4 g6 3. Nc3 Bg7 4. e4 e5 5. Nxe5 Qe7 6. d4 d6 7. Nf3 Nxe4 8. Nd5 Qd8 9. Bd3 Nf6 10. Qe2+ Kf8 11. Nc3 Nc6 12. h3 Qe7 13. Be3 h6 14. O-O Kg8 15. Rfe1 Kh7 16. Qd2 Qd8 17. d5 Ne5 18.
Nxe5 dxe5 19. c5 Re8 20. Rad1 e4 21. Bc4 Bf5 22. Bd4 Qd7 23. c6 bxc6 24. dxc6 Qe7 25. Qe3 Rad8 26. Bxa7 Qb4 27. Bxf7 Rf8 28. Bb3 h5 29.
Bc5 Qa5 30. Bxf8 Rxf8 31. Nd5 Nxd5 32. Rxd5 Qb4 33. Red1 Bh6 34. Rd7+ Bxd7 35. Rxd7+ Bg7 36. Qc3 Qxc3 37. bxc3 e3 38. fxe3 Kh8 39. Rxc7 Be5 40. Rd7 Bg3 41. c7 1-0

[Event "Early-Titled-Tuesday-Blitz-October-17-2023"]
[Site "Chess.com"]
[Date "2023.10.17"]
[Round "4"]
[White "Actuary44"]
[Black "GaiozNigalidze"]
[Result "0-1"]
[WhiteElo "2532"]
[BlackElo "2715"]
[TimeControl "180+1"]
[EndTime "8:41:25 PDT"]
[Termination "GaiozNigalidze won by checkmate"]

1. e4 c5 2. d4 cxd4 3. c3 dxc3 4. Nxc3 Nc6 5. f4 e6 6. Nf3 a6 7.
Bd3 Bc5 8. Qe2 b5 9. Bd2 Bb7 10. O-O-O Nge7 11. e5 d5 12. exd6 Bxd6 13. Kb1 Nb4 14. Be4 Bxe4+ 15. Nxe4 Nbd5 16. Ba5 Qb8 17. g3 O-O 18. Nd4 h6 19. Rc1 Bb4 20. Bxb4 Nxb4 21. Nc5 Ra7 22. Rhd1 Nbd5 23. Ndxe6 fxe6 24. Qxe6+ Kh8 25. Nd7 Rxd7 26. Qxd7 Qa8 27. a3 Rd8 28. Qe6 a5 29. f5 b4 30. f6 gxf6 31. a4 b3 32. Rd3 Qb7 33. Qh3 Ng8 34. Rcd1 Qh7 35. Ka1 Nb4 36. Rxd8 Nc2+ 37. Kb1 Na3+ 38. Ka1 Qb1+ 39. Rxb1 Nc2# 0-1

[Event "Early-Titled-Tuesday-Blitz-October-17-2023"]
[Site "Chess.com"]
[Date "2023.10.17"]
[Round "4"]
[White "Fonsofan"]
[Black "Cheer_Down"]
[Result "1-0"]
[WhiteElo "2677"]
[BlackElo "2514"]
[TimeControl "180+1"]
[EndTime "8:41:25 PDT"]
[Termination "Fonsofan won by checkmate"]

1. e4 e5 2. Nf3 Nc6 3. Bc4 Nf6 4. d3 Bc5 5. c3 O-O 6. Nbd2 d5 7. Bb3 Be6 8. O-O h6 9. exd5 Bxd5 10. Re1 Re8 11.
Ba4 e4 12. dxe4 Nxe4 13. Nxe4 Bxe4 14. Be3 Bb6 15. Nd2 Bd3 16. Bxc6 bxc6 17. Qf3 Qd5 18. Qg3 Rad8 19. Bxh6 Bg6 20. Bf4 Rxe1+ 21. Rxe1 Qxa2 22.
Bxc7 Rc8 23. Bxb6 axb6 24. Qg4 Rd8 25. Qh4 Ra8 26. Qb4 b5 27. Nf3 Qd5 28. h3 f6 29.
Qd4 Bf7 30. Qxd5 Bxd5 31. Nd4 Ra2 32. Re2 c5 33. Nf5 Kf7 34. Nd6+ Kg6 35. Rd2 Bc6 36. g4 Kg5 37. Kh2 Kf4 38. Nf5 Ra1 39. Ng3 Rb1 40. Nh5+ Kg5 41. f4+ Kh4 42. Ng3 b4 43. Nf5# 1-0

[Event "Early-Titled-Tuesday-Blitz-October-17-2023"]
[Site "Chess.com"]
[Date "2023.10.17"]
[Round "4"]
[White "esrosenberg"]
[Black "GeorgiosSouleidis"]
[Result "1-0"]
[WhiteElo "2408"]
[BlackElo "2617"]
[TimeControl "180+1"]
[EndTime "8:41:25 PDT"]
[Termination "esrosenberg won on time"]

1. d4 d5 2. Nf3 Nf6 3. g3 e6 4.
Bg2 c5 5. O-O Nc6 6. c4 cxd4 7.
cxd5 Nxd5 8. Nxd4 Be7 9. Nxc6 bxc6 10. Nd2 O-O 11. Nc4 Ba6 12. b3 Bf6 13. Ba3 Re8 14. Rc1 Nc3 15. Qc2 Bxc4 16. bxc4 Qa5 17. Bb2 Nxa2 18.
Ra1 Nb4 19. Rxa5 Nxc2 20. Bxf6 gxf6 21. Bxc6 Nd4 22. Bxe8 Nxe2+ 23. Kg2 Rxe8 24. Rxa7 Nd4 25. Rd1 e5 26. Rc1 Rc8 27. c5 Kg7 28. Ra6 Nc6 29.
g4 h6 30. h4 Rc7 31. f3 Nb4 32. Ra5 Nc6 33. Raa1 Nd4 34. Rab1 Ne2 35. Rc4 Nf4+ 36. Rxf4 exf4 37. Rc1 f5 38. Kh3 Kf6 39. c6 Ke5 40. Rc5+ Kd6 41. Rxf5 Kxc6 42. Rxf4 Kd5 43. Rf6 Ke5 44.
Rxh6 Kf4 45. Rf6+ Ke3 46. Kg3 Rd7 47. Rf4 Rc7 48. Re4+ Kd3 49. Kf4 Rc1 50. h5 Rh1 51. Re7 f6 52. Rf7 Rh3 53. Rxf6 Ke2 54. Kg5 1-0

[Event "Early-Titled-Tuesday-Blitz-October-17-2023"]
[Site "Chess.com"]
[Date "2023.10.17"]
[Round "4"]
[White "Ranindu2003"]
[Black "MdChess1734"]
[Result "1-0"]
[WhiteElo "2775"]
[BlackElo "2415"]
[TimeControl "180+1"]
[EndTime "8:41:25 PDT"]
[Termination "Ranindu2003 won by checkmate"]

1. c4 c5 2. Nf3 Nf6 3. Nc3 Nc6 4. g3 d5 5. cxd5 Nxd5 6. Bg2 Nc7 7. O-O e5 8. d3 Be7 9. Be3 O-O 10. Rc1 Bd7 11.
a3 Rc8 12. Nd2 b6 13. f4 exf4 14. Bxf4 Ne6 15. Nc4 Nxf4 16. gxf4 Be6 17. f5 Bxc4 18. dxc4 Bg5 19. Rb1 Nd4 20. Nd5 Re8 21. e4 Qd6 22. Qg4 Bf6 23. Rbd1 Nc6 24. b3 Bd4+ 25. Kh1 Ne5 26. Qg3 f6 27. Bf3 Nf7 28. Qg2 Ng5 29.
h4 Nf7 30. Bh5 Qe5 31. Rde1 Nd6 32. Bxe8 Nxe8 33. Rf3 Rc6 34. h5 Rd6 35. h6 Rd7 36. Rg3 Rf7 37. Re2 Kh8 38. Qh3 Nd6 39. hxg7+ Kg8 40.
Rh2 Qxe4+ 41. Rhg2 Qe1+ 42. Kh2 Ne4 43. Qxh7+ Kxh7 44. g8=Q+ Kh6 45. Qg6# 1-0

[Event "Early-Titled-Tuesday-Blitz-October-17-2023"]
[Site "Chess.com"]
[Date "2023.10.17"]
[Round "4"]
[White "Aleksandar-Topalov"]
[Black "Chessdreamer2020"]
[Result "1-0"]
[WhiteElo "2350"]
[BlackElo "2504"]
[TimeControl "180+1"]
[EndTime "8:41:26 PDT"]
[Termination "Aleksandar-Topalov won by checkmate"]

1. b3 c5 2. Bb2 Nc6 3. Nf3 d5 4. e3 a6 5. d4 Nf6 6. Be2 Bg4 7. O-O e6 8. Nbd2 Be7 9. a3 O-O 10. c4 cxd4 11. exd4 Rc8 12. c5 Ne4 13. b4 f5 14. Ne1 Bxe2 15. Qxe2 Bf6 16. Nb3 Re8 17. Nd3 Qc7 18. f3 Ng5 19. a4 Qd7 20. b5 axb5 21.
axb5 Ne7 22. Nf4 Ng6 23. Nxg6 hxg6 24. Ra7 Ra8 25. Rfa1 Rxa7 26. Rxa7 Qc8 27. Na5 Re7 28. g3 Nf7 29. f4 g5 30. c6 bxc6 31. Rxe7 Bxe7 32.
Nxc6 Bd6 33. Bc3 gxf4 34. gxf4 Bxf4 35. Ne7+ Kf8 36. Nxc8 Nd8 37. b6 Ke8 38. Qb5+ Kf7 39. b7 Nxb7 40. Qxb7+ Kf6 41. Bb4 Be3+ 42. Kg2 Bxd4 43.
Qe7+ Ke5 44. Qd6+ Ke4 45. Qxe6+ Kd3 46. Qxd5 Ke3 47. Qxf5 g6 48. Qxg6 Ke2 49. Nd6 Be3 50. Nc4 Bd4 51. Qe4+ Kd1 52. Qxd4+ Kc1 53. Qd2+ Kb1 54.
Qb2# 1-0

[Event "Early-Titled-Tuesday-Blitz-October-17-2023"]
[Site "Chess.com"]
[Date "2023.10.17"]
[Round "4"]
[White "NM_Antelacus"]
[Black "santosalberto1987"]
[Result "0-1"]
[WhiteElo "2094"]
[BlackElo "2440"]
[TimeControl "180+1"]
[EndTime "8:41:26 PDT"]
[Termination "santosalberto1987 won on time"]

1. e4 e6 2. d4 d5 3. e5 c5 4. c3 Qb6 5. Nf3 Nc6 6. a3 a5 7.
Bd3 Bd7 8. Bc2 a4 9. O-O Nh6 10. Bxa4 Nxe5 11. Bxd7+ Nxd7 12. Qe2 Nf5 13. Be3 Nxe3 14.
fxe3 Be7 15. Kh1 O-O 16. Qc2 Bf6 17. Nbd2 Rac8 18. Rac1 Qb5 19. Qb3 Qxb3 20. Nxb3 c4 21. Nbd2 Nb6 22. e4 Na4 23. Rc2 b5 24. exd5 exd5 25.
Ne5 Rfe8 26. Ndf3 Be7 27. g3 f6 28. Ng4 Bd6 29. Kg2 Rc7 30. Re1 Rxe1 31. Nxe1 Re7 32. Kf2 h5 33. Ne3 Nb6 34. Nf3 g6 35. Re2 Kf7 36. Ne1 Re8 37. N1c2 Bf8 38. Kf3 Bh6 39. Kf2 Re4 40. Nb4 Rxe3 41. Rxe3 Bxe3+ 42. Kxe3 Ke6 43. Na6 Kd6 44. Nc5 Na4 45. Nxa4 bxa4 46. Kf4 Ke6 47. h4 Kf7 48. Kf3 g5 0-1

[Event "Early-Titled-Tuesday-Blitz-October-17-2023"]
[Site "Chess.com"]
[Date "2023.10.17"]
[Round "4"]
[White "Krakozia"]
[Black "Keeper0416"]
[Result "1-0"]
[WhiteElo "3010"]
[BlackElo "2594"]
[TimeControl "180+1"]
[EndTime "8:41:28 PDT"]
[Termination "Krakozia won by resignation"]

1. c4 e5 2. d3 h6 3. Nf3 Nc6 4. Nc3 Nf6 5. e3 d5 6. cxd5 Nxd5 7. Be2 Be7 8. O-O O-O 9. a3 Be6 10. Qc2 a5 11. Rd1 Nb6 12. b3 f5 13. Bb2 Bf6 14. Rac1 Qe7 15. Na4 Nxa4 16. bxa4 Rfd8 17. Nd2 Bd5 18.
e4 Be6 19. exf5 Bxf5 20. Qb3+ Kh8 21. Ne4 Bxe4 22. dxe4 Rd6 23. Rxd6 cxd6 24. g3 Rf8 25.
Kg2 Nd4 26. Bxd4 exd4 27. Bd3 g5 28. Qd1 Bg7 29. Qg4 d5 30. exd5 Rxf2+ 31. Kxf2 Qe3+ 32.
Kg2 Qxc1 33. Qe4 Kg8 34. d6 Qc6 35. Bc4+ Qxc4 36. d7 Qa2+ 37. Kh3 g4+ 38. Kxg4 h5+ 39. Kh3 Bf6 40. Qg6+ Kf8 41. Qxf6+ Kg8 1-0

[Event "Early-Titled-Tuesday-Blitz-October-17-2023"]
[Site "Chess.com"]
[Date "2023.10.17"]
[Round "4"]
[White "Grossboss19"]
[Black "Goryachkina"]
[Result "1/2-1/2"]
[WhiteElo "2478"]
[BlackElo "2652"]
[TimeControl "180+1"]
[EndTime "8:41:28 PDT"]
[Termination "Game drawn by repetition"]

1. c4 Nf6 2. Nc3 c5 3. g3 g6 4.
Bg2 Bg7 5. Nf3 Nc6 6. O-O d6 7. b3 h5 8. Bb2 Bd7 9. Nd5 e6 10. Nxf6+ Bxf6 11. Bxf6 Qxf6 12. e3 h4 13. d4 h3 14. Bh1 cxd4 15. Nxd4 Nxd4 16. Qxd4 Qxd4 17. exd4 Bc6 18. d5 exd5 19. Rfe1+ Kd7 20. cxd5 Bb5 21.
a4 Ba6 22. Bf3 Rac8 23. Rac1 Rxc1 24. Rxc1 f5 25. Re1 Rc8 26. b4 Bd3 27. g4 Rc3 28.
gxf5 Bxf5 29. Be2 a6 30. b5 axb5 31. Bxb5+ Kc7 32. f4 Rc2 33. Re2 Rxe2 34. Bxe2 Kb6 35. Kf2 Kc5 36. Ke3 Bd7 37. a5 Bf5 38. a6 bxa6 39.
Bxa6 Kxd5 40. Bb7+ Kc5 41. Bf3 d5 42. Be2 d4+ 43. Kd2 Kd5 44. Bf3+ Kc4 45. Be2+ d3 46. Bf3 Kd4 47. Bb7 Be4 48. Bc8 Bg2 49. f5 gxf5 50.
Bxf5 Bf1 51. Ke1 Be2 52. Kd2 Bf1 53. Ke1 Bg2 54. Kd2 Bf1 1/2-1/2

[Event "Early-Titled-Tuesday-Blitz-October-17-2023"]
[Site "Chess.com"]
[Date "2023.10.17"]
[Round "4"]
[White "tptagain"]
[Black "ChessQueen"]
[Result "1-0"]
[WhiteElo "2942"]
[BlackElo "2722"]
[TimeControl "180+1"]
[EndTime "8:41:29 PDT"]
[Termination "tptagain won by resignation"]

1. d4 Nf6 2. Nf3 d5 3. c3 g6 4. Bf4 Bg7 5. e3 Nc6 6. h3 O-O 7. Be2 Ne4 8. O-O f6 9. Bh2 Nd6 10. Qb3 Be6 11. Nbd2 Na5 12. Qa3 b6 13. Rfd1 Qe8 14.
b3 g5 15. Rac1 h5 16. c4 g4 17. hxg4 hxg4 18. Nh4 Qh5 19. Bg3 dxc4 20. bxc4 Kf7 21. c5 Nf5 22. Nxf5 Bxf5 23. Nf1 Rh8 24. Nh2 Rac8 25. d5 Qg6 26. Ba6 Rcg8 27. cxb6 cxb6 28. Rc7 Bf8 29. d6 Rxh2 30. Bxh2 g3 31. Bxg3 Qh5 32.
dxe7 Qxd1+ 33. Bf1 Bd7 34. exf8=Q+ Rxf8 35. Bd6 Rc8 36. Rxd7+ Ke6 37. Re7+ 1-0

[Event "Early-Titled-Tuesday-Blitz-October-17-2023"]
[Site "Chess.com"]
[Date "2023.10.17"]
[Round "4"]
[White "ploxoi"]
[Black "DenisQ"]
[Result "0-1"]
[WhiteElo "2477"]
[BlackElo "2649"]
[TimeControl "180+1"]
[EndTime "8:41:29 PDT"]
[Termination "DenisQ won by resignation"]

1. d4 d5 2. c4 c6 3. Nf3 Nf6 4. e3 Bf5 5. Nc3 e6 6. Nh4 Be4 7. f3 Bg6 8. g3 Nbd7 9. Be2 Bd6 10. O-O dxc4 11. Bxc4 O-O 12. Nxg6 hxg6 13. e4 c5 14. d5 Nb6 15. Bb3 c4 16. Bc2 exd5 17. exd5 Bc5+ 18.
Kg2 Nbxd5 19. Nxd5 Qxd5 20. Bf4 Rad8 21. Qxd5 Nxd5 22.
Bg5 f6 23. Bd2 Be3 24. Ba5 b6 25. Be1 Bd4 26. Bf2 Bxf2 27. Kxf2 Nb4 28. Bxg6 Rd2+ 29. Ke3 Rxb2 30. Rab1 c3 31. a3 Nc2+ 32. Kd3 Nxa3 33.
Kxc3 Rxb1 34. Bxb1 Rc8+ 35. Kb3 Nxb1 36. Rxb1 Kf7 37.
Ra1 a5 38. Ra2 g5 39. Ka4 Rc4+ 40. Kb5 Rb4+ 41. Kc6 a4 42. Ra3 b5 43. Kc5 Rb3 44. Ra2 a3 45. Ra1 b4 46. Kc4 Rb2 47. f4 gxf4 48. gxf4 a2 0-1

[Event "Early-Titled-Tuesday-Blitz-October-17-2023"]
[Site "Chess.com"]
[Date "2023.10.17"]
[Round "4"]
[White "WiktoriaPOL"]
[Black "topin8"]
[Result "0-1"]
[WhiteElo "2283"]
[BlackElo "2497"]
[TimeControl "180+1"]
[EndTime "8:41:29 PDT"]
[Termination "topin8 won on time"]

1. c4 c5 2. Nf3 Nc6 3. Nc3 g6 4.
e3 Bg7 5. d4 cxd4 6. exd4 d6 7.
d5 Na5 8. Be3 b6 9. Bd4 Nf6 10.
Be2 O-O 11. O-O e5 12. dxe6 Bxe6 13. b3 d5 14. cxd5 Nxd5 15. Bxg7 Kxg7 16. Qd4+ Qf6 17. Qxf6+ Nxf6 18. Nd4 Bd7 19. Bf3 Rac8 20. Ncb5 Bxb5 21. Nxb5 a6 22. Nd4 Rfd8 23. Rfd1 Nd5 24. Nf5+ gxf5 25.
Bxd5 Rc5 26. Bf3 Rxd1+ 27. Bxd1 Nc6 28. Be2 a5 29. a4 Kf6 30. Bc4 Ne5 31. Bb5 Rc3 32.
Rb1 Rc2 33. Kf1 Ng4 34. f3 Ne3+ 35. Ke1 Nxg2+ 36. Kd1 Ne3+ 37. Ke1 Rxh2 38. Bc6 Rh1+ 0-1

[Event "Early-Titled-Tuesday-Blitz-October-17-2023"]
[Site "Chess.com"]
[Date "2023.10.17"]
[Round "4"]
[White "wannabe2700"]
[Black "Sychev_Klementy"]
[Result "0-1"]
[WhiteElo "2638"]
[BlackElo "2858"]
[TimeControl "180+1"]
[EndTime "8:41:30 PDT"]
[Termination "Sychev_Klementy won on time"]

1. e4 e5 2. Nf3 Nc6 3. Bb5 a6 4. Ba4 f5 5. d4 exd4 6. exf5 Qe7+ 7. Kf1 Nf6 8. Bg5 Qb4 9. Bxc6 dxc6 10. Qxd4 Qb5+ 11.
c4 Qxf5 12. Nc3 Bd6 13. Re1+ Be6 14. Bxf6 O-O 15. Bxg7 Bc5 16. Qe5 Bxc4+ 17. Kg1 Rae8 18. Bxf8 Rxe5 19. Rxe5 Qxf8 20. Ne4 Bd5 21. h4 Bxe4 22. Rxe4 Qf5 23. Re5 Qc2 24. Rg5+ Kf8 25. Kh2 Bd6+ 26.
Kh3 Qxf2 27. Re1 h6 28. Rg6 Kf7 29. h5 Qxb2 30. Rf1 Ke7 31. Re1+ Kd7 32. Rxh6 c5 33. Rg6 Qc2 34. Rg7+ Kc6 35. Rg5 Qc3 0-1

[Event "Early-Titled-Tuesday-Blitz-October-17-2023"]
[Site "Chess.com"]
[Date "2023.10.17"]
[Round "4"]
[White "RobertoJBM"]
[Black "Karttunen"]
[Result "1-0"]
[WhiteElo "2801"]
[BlackElo "2568"]
[TimeControl "180+1"]
[EndTime "8:41:31 PDT"]
[Termination "RobertoJBM won by resignation"]

1. e4 e6 2. d4 d5 3. Nd2 Nc6 4. Ngf3 Nf6 5. e5 Nd7 6. c3 Na5 7. b4 Nc6 8. Bd3 a5 9. b5 Ncb8 10. O-O a4 11. c4 dxc4 12. Nxc4 Be7 13. Qe2 c6 14. Bg5 Bxg5 15. Nd6+ Kf8 16. Nxg5 Qxg5 17.
Nxc8 Qf4 18. Qe3 g5 19. g3 Qxe3 20. fxe3 Kg7 21. Nd6 Rf8 22. Nxb7 cxb5 23. Bxb5 Nb6 24. Nd6 Nd5 25. e4 Nc3 26. Rac1 Nxb5 27. Nxb5 Na6 28.
Nc7 Ra7 29. Nxa6 Rxa6 30. Rc7 Ra5 31. Kf2 a3 32. Ke3 Rb5 33. Rf2 Ra5 34. h4 h6 35.
hxg5 hxg5 36. Rb7 Ra4 37. d5 exd5 38. exd5 Kg6 39. Rf6+ Kg7 40. Rf2 Kg6 41. e6 Ra5 42.
Rfxf7 Re8 43. Kd4 Rd8 44. Rg7+ Kh5 45. Rgd7 Rf8 46. e7 Re8 47. Ke5 1-0

[Event "Early-Titled-Tuesday-Blitz-October-17-2023"]
[Site "Chess.com"]
[Date "2023.10.17"]
[Round "4"]
[White "Ramosha"]
[Black "Laico"]
[Result "0-1"]
[WhiteElo "2618"]
[BlackElo "2449"]
[TimeControl "180+1"]
[EndTime "8:41:31 PDT"]
[Termination "Laico won by resignation"]

1. e4 e6 2. Nf3 d5 3. d3 Nf6 4.
Qe2 dxe4 5. dxe4 Nc6 6. e5 Nd5 7. c3 Be7 8. Nbd2 Nf4 9. Qe4 Ng6 10. h4 Qd5 11. Qxd5 exd5 12. Bb5 Bd7 13. Bxc6 Bxc6 14. Nb3 O-O-O 15. h5 Nf8 16. Be3 Ne6 17. O-O-O Ba4 18. Nfd4 c5 19. Nxe6 fxe6 20. Rd2 b6 21. f4 g5 22. Rf2 gxf4 23. Bxf4 Rdf8 24. g3 Rhg8 25. Nd2 Bc6 26. Rhf1 Be8 27. h6 Bg6 28. Be3 Kd7 29.
g4 Bd3 30. Rxf8 Rxf8 31. Rxf8 Bxf8 32. Nf3 Be2 33. Ng5 Bxh6 34. Kd2 Bxg5 35. Bxg5 Bxg4 36. Ke3 h5 37. Bf6 Kc6 38. Kd2 b5 39. Ke3 a5 40.
Kd2 d4 41. a3 Kd5 42. b4 axb4 43. axb4 cxb4 44. cxb4 Kc4 45. Be7 Bf5 46. Ke2 Kc3 47. Bg5 Kc2 48. Ke1 d3 0-1

[Event "Early-Titled-Tuesday-Blitz-October-17-2023"]
[Site "Chess.com"]
[Date "2023.10.17"]
[Round "4"]
[White "Hovik_Hayrapetyan"]
[Black "wonderfultime"]
[Result "1-0"]
[WhiteElo "2799"]
[BlackElo "2974"]
[TimeControl "180+1"]
[EndTime "8:41:32 PDT"]
[Termination "Hovik_Hayrapetyan won by resignation"]

1. d4 d5 2. c4 c6 3. Nf3 Nf6 4.
Nc3 a6 5. c5 Nbd7 6. Bf4 Nh5 7.
Bd2 g6 8. g3 Bg7 9. Bg2 O-O 10.
O-O Re8 11. e4 dxe4 12. Nxe4 Nhf6 13. Nc3 Nf8 14. h3 Ne6 15. Be3 Nc7 16. Qd2 Ncd5 17.
Bh6 Bh8 18. Rfe1 a5 19. g4 a4 20. a3 b6 21. Ne5 Bb7 22. g5 Nh5 23. Nxd5 cxd5 24.
c6 Ba6 25. Rac1 Bxe5 26. Rxe5 e6 27. Qb4 Nf4 28. c7 Qd7 29. Qxb6 Rec8 30. Rc6 Bd3 31. Qc5 Bf5 32. Bf1 Bxh3 33. Bb5 Ra5 34. Rd6 Qe7 35.
Rd8+ Qxd8 36. cxd8=Q+ Rxd8 37. Qc7 Raa8 38. Re3 Bf5 39.
Qxf4 1-0

[Event "Early-Titled-Tuesday-Blitz-October-17-2023"]
[Site "Chess.com"]
[Date "2023.10.17"]
[Round "4"]
[White "Smiechu"]
[Black "TigrVShlyape"]
[Result "0-1"]
[WhiteElo "2502"]
[BlackElo "2836"]
[TimeControl "180+1"]
[EndTime "8:41:32 PDT"]
[Termination "TigrVShlyape won by resignation"]

1. e4 d5 2. exd5 Qxd5 3. Nf3 Nf6 4. d4 c6 5. c4 Qa5+ 6. Nc3 Bg4 7. Be2 e6 8. O-O Nbd7 9. h3 Bh5 10. Bf4 Be7 11. Ne5 Bxe2 12. Qxe2 Rd8 13. a3 O-O 14. b4 Qa6 15. Rfd1 Rfe8 16. Nxd7 Rxd7 17. Ne4 Nxe4 18. Qxe4 Qxc4 19. Rac1 Qd5 20. Qe2 Red8 21. Be3 Qe4 22. f3 Qg6 23. d5 Rxd5 24. Bxa7 h5 25. Bc5 Bxc5+ 26. bxc5 Qg5 27. Kh1 Rd2 28. Rxd2 Rxd2 29.
Qf1 Qe3 30. Qg1 Qxa3 31. Ra1 Qd3 32. Rb1 Qc2 33. Rc1 Qf5 34. Rb1 Rc2 35. Rxb7 Qxc5 36. Qxc5 Rxc5 37. Rc7 h4 38. Kg1 Rc2 39. Kf1 g5 40.
Kg1 Kg7 41. Rc8 Kg6 42. Kf1 Kf5 43. Rf8 f6 44. Re8 e5 45. Rf8 c5 46. Rc8 c4 47.
Rc6 c3 48. Kg1 Kf4 49. Kh2 f5 50. Rc4+ e4 51. Rd4 Ke3 52. Rd5 exf3 53. Rxf5 Rxg2+ 54. Kh1 Re2 55. Rxg5 c2 56. Rc5 Kd2 57. Kg1 c1=Q+ 0-1

[Event "Early-Titled-Tuesday-Blitz-October-17-2023"]
[Site "Chess.com"]
[Date "2023.10.17"]
[Round "4"]
[White "GlavkonVVS"]
[Black "seopie"]
[Result "0-1"]
[WhiteElo "2574"]
[BlackElo "2848"]
[TimeControl "180+1"]
[EndTime "8:41:33 PDT"]
[Termination "seopie won by resignation"]

1. Nf3 Nf6 2. c4 b6 3. Nc3 Bb7 4. g3 g6 5. Bg2 Bg7 6. O-O O-O 7. d4 e6 8. Bg5 h6 9. Bxf6 Bxf6 10. e4 d6 11. Qd2 Bg7 12. Rfe1 Nd7 13. Rad1 Re8 14. a3 a6 15. b4 Qe7 16. h4 Rad8 17. d5 h5 18. Nd4 e5 19. Nc6 Bxc6 20.
dxc6 Nf6 21. Nd5 Nxd5 22. cxd5 Ra8 23. a4 a5 24. Rb1 axb4 25. Rxb4 Ra5 26. Bf1 Kh7 27.
Qc2 Bh6 28. Kg2 Rea8 29. Bb5 Rf8 30. Bd3 Kg7 31. Rb5 Ra7 32. a5 Rxa5 33. Rxa5 bxa5 34. Ra1 Ra8 35. Qb3 Bd2 36. Qb7 Qd8 37. Ra4 Rb8 38. Qa6 Rb2 39. Rc4 Bb4 40. Rc2 Rb3 41. Qc4 Ra3 42. Ra2 Rc3 43. Qa6 g5 44. hxg5 Qxg5 45. Be2 h4 46. Bf3 h3+ 47. Kxh3 Rxf3 48. Qc8 Be1 49.
Kg2 Rf6 50. Re2 Bb4 51. Qxc7 Qg4 52. Re3 Bc5 0-1